 Dungeon Crawl Stone Soup version 0.24.1-4-ge52af88ad5 (webtiles) character file.

Game seed: 256547179517542889, levelgen mode: deterministic

303 MisterOstroum the Conjurer (level 6, 0/50 HPs)
             Began as a Hill Orc Wizard on Apr 12, 2020.
             Killed from afar by an orc wizard (11 damage)
             ... with a puff of frost
             ... on level 4 of the Dungeon.
             The game lasted 00:07:42 (5014 turns).

MisterOstroum the Conjurer (Hill Orc Wizard)        Turns: 5014, Time: 00:07:42

Health: 0/50       AC:  3    Str: 10    XL:     6   Next: 38%
Magic:  3/10       EV: 12    Int: 20    God:
Gold:   212        SH:  0    Dex:  9    Spells: 2/10 levels left

rFire    . . .     SeeInvis .   a - +1 dagger (venom)
rCold    . . .     Gourm    .   (no shield)
rNeg     . . .     Faith    .   z - +0 robe
rPois    .         Spirit   .   b - +0 hat
rElec    .         Reflect  .   u - +0 cloak
rCorr    .         Harm     .   (no gloves)
MR       .....                  (no boots)
Stlth    ++........             (no amulet)
HPRegen  0.16/turn              (no ring)
MPRegen  0.12/turn              (no ring)

@: lethally poisoned (0 -> -5)
A: no striking features
a: no special abilities


You were on level 4 of the Dungeon.
You were not hungry.

You visited 1 branch of the dungeon, and saw 4 of its levels.

You collected 212 gold pieces.

Inventory:

Hand Weapons
 a - a +1 dagger of venom (weapon)
 i - a +0 spear
 n - a +0 whip
Missiles
 l - 101 arrows
Armour
 b - a +0 hat (worn)
 u - a +0 cloak (worn)
 z - a +0 robe (worn)
Jewellery
 t - an uncursed amulet of regeneration {unknown}
Scrolls
 c - 3 scrolls of fear
 f - 3 scrolls of teleportation {unknown}
 m - a scroll of noise {unknown}
 o - a scroll of magic mapping {unknown}
 q - a scroll of enchant armour {unknown}
 r - a scroll of fog {unknown}
 x - a scroll of blinking {unknown}
Potions
 g - a potion of degeneration {unknown}
 h - a potion of flight {unknown}
 j - a potion of heal wounds {unknown}
 p - a potion of curing {@q1 !q}
 s - 2 potions of lignification {unknown}
 w - a potion of cancellation {unknown}
 A - a potion of experience {unknown}
Comestibles
 e - 4 rations


   Skills:
 - Level 2.4 Fighting
 - Level 1.5 Dodging
 + Level 2.9 Stealth
 + Level 2.7 Spellcasting
 * Level 4.1 Conjurations
 + Level 2.5 Summonings
 - Level 0.7 Translocations


You had 2 spell levels left.
You knew the following spells:

 Your Spells              Type           Power        Failure   Level  Hunger
a - Magic Dart            Conj           ###.         2%          1    None
b - Call Imp              Summ           ##......     8%          2    ##.....
d - Conjure Flame         Conj/Fire      ##......     19%         3    ###....
B - Blink                 Tloc           N/A          17%         2    ##.....

Your spell library contained the following spells:

 Spells                   Type           Power        Failure   Level  Hunger
 Slow                     Hex            #.......     22%         2    ##.....
 Mephitic Cloud           Conj/Pois/Air  #.......     26%         3    ###....


Dungeon Overview and Level Annotations

Branches:
Dungeon (4/15)
 Temple: D:4-7

Altars:
Kikubaaqudgha
Trog
Xom

Annotations:
D:2 Sigmund
D:4 Robin


Message History

The orc writhes in agony.
The orc dies!
No target in view!
No target in view!
No target in view!
No target in view!
No target in view!
No target in view!
No target in view!
No target in view!
No target in view!
No target in view!
No target in view!
No target in view!
No target in view!
No target in view!
No target in view!
An orc comes into view. It is wielding a +0 flail.
An orc is nearby!
An orc is nearby!
An orc is nearby!
No target in view!
You swap places.
Items here: ))) ††† An orc wizard comes into view.
It is wielding a +0 dagger.
The orc wizard shouts!
You hear a shout! x2
Your shadow imp disappears in a puff of smoke!
The orc misses you.
You completely miss the orc.
An orc comes into view. It is wielding a +0 hand axe.
The orc misses you.
Your shadow imp completely misses the orc.
You hit the orc.
The orc is poisoned.
The orc is lightly wounded.
The orc wizard mumbles some strange words.
The orc wizard blinks!
An orc comes into view.
Your shadow imp completely misses the orc.
An orc comes into view. It is wielding a -3 trident.
You barely miss the orc.
The orc is lightly wounded.
The orc completely misses you.
An orc wizard comes into view. It is wielding a +2 dagger of venom.
Your shadow imp hits the orc.
The orc wizard shouts!
You hit the orc but do no damage.
The orc is heavily wounded.
Your shadow imp disappears in a puff of smoke!
The orc closely misses you.
The orc wizard gestures at you while chanting.
The magic dart hits you.
An orc comes into view. It is wielding a +0 hand axe.
An orc comes into view. It is wielding a +0 trident of venom.
You miss the orc wizard. The orc closely misses you.
The orc wizard hits you with a +2 dagger of venom.
You are poisoned.
You barely miss the orc wizard.
You feel sick.
The orc shouts!
The orc hits you with a +0 flail. The orc wizard casts a spell at you.
The puff of flame hits you.
Casting: Call Imp (safe; 8% risk of failure)
Confirm with . or Enter, or press ? or * to list all spells.
A beastly little devil appears in a puff of flame.
You feel sick.
The orc looks more healthy.
The orc wizard hits you but does no damage.
The orc barely misses you.
You feel sick. The orc wizard barely misses you.
The orc hits you but does no damage.
Your crimson imp blinks!
Items here: ))) ††† You swap places.
You feel sick.
The orc wizard hits you with a +2 dagger of venom.
You are more poisoned.
The orc hits you with a +0 trident of venom.
You are more poisoned.
Your crimson imp blinks!
* * * LOW HITPOINT WARNING * * *
You feel very sick.
The orc wizard mumbles some strange words.
The orc wizard seems to speed up.
The orc hits you but does no damage.
You are more poisoned.
* * * LOW HITPOINT WARNING * * *
You feel sick. The orc closely misses you.
* * * LOW HITPOINT WARNING * * *
You feel very sick.
Something closely misses your crimson imp.
It was a potion of curing.
You feel better. The orc misses you.
Your crimson imp hits the orc.
The orc wizard hits you with a +2 dagger of venom.
* * * LOW HITPOINT WARNING * * *
You are poisoned.
Okay, then.
Unknown command.
You feel sick.
Something closely misses your crimson imp.
You feel sick.
The orc wizard gestures at you while chanting.
The puff of frost hits you!
You die...

#.........)..)..##
#................##
#......÷..........#####
#............).<.......
#......................
#......................
#......................
#.............(........
#.....@................
#.................#####
###....o........#....
#...oo.o......##
#.#..o..........
##....o..........
#...)).####......
#.≈...5# ......
#.≈.≈..# .....


You could see an orc wizard, 5 orcs and a friendly crimson imp.

Vanquished Creatures
  An ogre (D:4)
  2 vampire bats (D:2)
  A centaur skeleton (D:4)
  3 adders (D:3)
  3 worms
  2 dart slugs (D:3)
  2 leopard geckos
  12 orcs
  8 bats
  2 bat skeletons (D:2)
  3 bat zombies (D:2)
  2 giant cockroaches
  7 goblins
  11 hobgoblins
  2 quokkas
  2 ball pythons
  8 frilled lizards
  7 kobolds
  7 rats
85 creatures vanquished.

Vanquished Creatures (collateral kills)
  2 orcs
2 creatures vanquished.

Grand Total: 87 creatures vanquished

Notes
Turn   | Place    | Note
-------+----------+-------------------------------------------
     0 | D:1      | MisterOstroum the Hill Orc Wizard began the quest for the
                  | Orb.
     0 | D:1      | Reached XP level 1. HP: 14/14 MP: 3/3
    72 | D:1      | Reached skill level 1 in Fighting
   179 | D:2      | Reached XP level 2. HP: 5/23 MP: 1/5
  1204 | D:1      | Reached skill level 2 in Conjurations
  1204 | D:1      | Reached XP level 3. HP: 24/28 MP: 1/6
  1505 | D:2      | Learned a level 2 spell: Call Imp
  1508 | D:2      | Learned a level 2 spell: Blink
  1822 | D:2      | Found an ancient bone altar of Kikubaaqudgha.
  1829 | D:2      | Reached XP level 4. HP: 37/37 MP: 0/7
  1901 | D:2      | Reached skill level 3 in Conjurations
  1901 | D:2      | Reached XP level 5. HP: 38/42 MP: 1/8
  2007 | D:2      | Noticed Sigmund
  3078 | D:3      | Found a bloodstained altar of Trog.
  4003 | D:3      | Found a burning altar of Makhleb.
  4014 | D:3      | Found a glowing silver altar of Zin.
  4014 | D:3      | Found a shattered altar of Ashenzari.
  4017 | D:3      | Found a sacrificial altar of Ru.
  4017 | D:3      | Found a shimmering altar of Xom.
  4017 | D:3      | Found a sparkling altar of Nemelex Xobeh.
  4317 | D:4      | Noticed Robin
  4396 | D:4      | Learned a level 3 spell: Conjure Flame
  4400 | D:4      | Noticed a phantom
  4557 | D:4      | Noticed an ogre
  4603 | D:4      | Killed an ogre
  4603 | D:4      | Reached XP level 6. HP: 20/50 MP: 1/10
  4901 | D:4      | Reached skill level 4 in Conjurations
  5014 | D:4      | Killed from afar by an orc wizard

Levels and vault maps discovered:
D:1:      dpeg_arrival_tiny_a, layout_rooms
D:2:      layout_loops_corners, lemuel_coloured_pillars_altar,
          kennysheep_vampire_church, dk_vineyard_1, uniq_sigmund
D:3:      layout_basic, bloody_trog, moated_statue, doesnt_xom_only_xom
D:4:      kennysheep_spiral_hall, layout_basic, old_standard_altar,
          first_ration, serial_rivers, chequers_serial_rivers_small_3,
          chequers_serial_rivers_micro_c, chequers_serial_rivers_large_a,
          chequers_serial_rivers_small_a, chequers_serial_rivers_room_b,
          hangedman_ru_absence, uniq_robin

Skill      XL: |  1  2  3  4  5  6 |
---------------+-------------------+-----
Fighting       | 1 2 |  2.4
Conjurations   | 2 3 4 |  4.1
Stealth        | 2 |  2.9
Summonings     | 2 |  2.5
Dodging        | |  1.5
Spellcasting   | |  2.7
Translocations | |  0.7

Action                   |  1- 3 |  4- 6 || total
-------------------------+-------+-------++-------
Melee: Unarmed           |     5 |       ||     5
       Club              |    23 |       ||    23
       Dagger            |     9 |    40 ||    49
 Cast: Magic Dart        |    71 |   131 ||   202
       Call Imp          |       |    10 ||    10
       Conjure Flame     |       |     1 ||     1
       Blink             |       |     1 ||     1
  Use: Scroll            |       |     1 ||     1
       Potion            |       |     1 ||     1
  Eat: Chunk             |     3 |    11 ||    14
Armor: Robe              |    24 |    12 ||    36
Dodge: Dodged            |    60 |    34 ||    94
